 Dungeon Crawl Stone Soup version 0.21-a0-225-g207ae17 (webtiles) character file.

38 Goblin1989 the Skirmisher (level 3, 0/31 HPs)
             Began as a Demonspawn Monk on Aug 28, 2017.
             Succumbed to a goblin's poison
             ... on level 2 of the Dungeon.
             The game lasted 00:06:48 (1744 turns).

Goblin1989 the Skirmisher (Demonspawn Monk)         Turns: 1744, Time: 00:06:49

Health: 0/31       AC:  4    Str: 15    XL:     3   Next: 25%
Magic:  3/3        EV:  5    Int: 11    God:
Gold:   33         SH: 11    Dex: 15    Spells: 2/2 levels left

rFire    . . .     SeeInvis .   S - +1 dagger (venom)
rCold    . . .     Gourm    .   f - +0 large shield
rNeg     . . .     Faith    .   h - +0 leather armour
rPois    .         Spirit   .   (no helmet)
rElec    .         Reflect  .   (no cloak)
rCorr    .         Harm     .   (no gloves)
MR       .....                  (no boots)
Stlth    ++........             (no amulet)
HPRegen  0.10/turn              z - +3 ring of strength
MPRegen  0.08/turn              A - -2 ring of evasion (curse)

@: lethally poisoned (0 -> -4)
A: rugged brown scales 1
a: no special abilities


You were on level 2 of the Dungeon.
You were not hungry.

You visited 1 branch of the dungeon, and saw 2 of its levels.

You collected 33 gold pieces.

Inventory:

Hand Weapons
 a - a +0 mace
 o - a +0 hunting sling
 S - a +1 dagger of venom (weapon)
Missiles
 p - 27 stones (quivered)
 s - 22 poisoned needles
Armour
 f - a +0 large shield (worn)
 h - a +0 leather armour (worn)
 k - a +0 ring mail
Jewellery
 x - an uncursed ring of stealth
 z - a +3 ring of strength (left hand)
 A - a cursed -2 ring of evasion (right hand)
Scrolls
 R - 2 scrolls of identify {@r1}
Potions
 r - a potion of brilliance
Comestibles
 e - a bread ration {@e1}
 t - 4 fruits


   Skills:
 + Level 4.4 Fighting
 - Level 2.6 Maces & Flails
 - Level 2.6 Dodging
 - Level 1.7 Stealth


You had 2 spell levels left.
You didn't know any spells.

Dungeon Overview and Level Annotations

Branches:
Dungeon (2/15)

Altars:


Innate Abilities, Weirdness & Mutations

You are partially covered in rugged brown scales. (AC +1, +3% HP)


Message History

You climb downwards.
There is a stone staircase leading up here.
Unknown command.
Throwing (i - inventory):
p - 29 stones (quivered)
Press: ? - help, Shift-Dir - straight line, f - goblin
Aim: a goblin, wielding a dagger of venom You throw a stone.
The stone closely misses the goblin.
Throwing (i - inventory):
p - 28 stones (quivered)
Press: ? - help, Shift-Dir - straight line, f/p - goblin
Aim: a goblin, wielding a dagger of venom You throw a stone.
The stone barely misses the goblin.
There is a stone staircase leading up here.
You block the goblin's attack.
You climb upwards.
There is a stone staircase leading down here.
You hit the goblin but do no damage. The goblin hits you but does no damage.
You are poisoned.
You block the goblin's attack.
You closely miss the goblin.
You feel sick. You block the goblin's attack.
You take 1 damage, and have 29/30 hp.
You closely miss the goblin.
You feel sick.
The goblin hits you with a dagger of venom.
You are more poisoned.
You take 2 damage, and have 27/30 hp.
You barely miss the goblin.
You feel sick. The goblin hits you but does no damage.
You are more poisoned.
You block the goblin's attack.
You take 1 damage, and have 26/30 hp.
Your shield prevents you from hitting the goblin.
You feel very sick. The goblin hits you but does no damage.
You are lethally poisoned!
You take 2 damage, and have 24/30 hp.
You hit the goblin.
You kill the goblin!
You feel very sick.
You take 3 damage, and have 21/31 hp.
You feel sick.
Things that are here:
a dagger of venom; a goblin corpse
S - a dagger of venom You feel sick.
You take 2 damage, and have 19/31 hp.
Wield which item (- for none, * to show all)? (? for menu, Esc to quit)
Your +1 dagger of venom begins to drip with poison!
S - a +1 dagger of venom (weapon)
You feel sick.
You take 1 damage, and have 18/31 hp.
Unknown command.
You feel sick.
You take 1 damage, and have 17/31 hp.
You feel sick.
You take 2 damage, and have 15/31 hp.
You feel sick.
There is a stone staircase leading down here.
You take 1 damage, and have 14/31 hp.
* * * LOW HITPOINT WARNING * * *
You feel sick.
You climb downwards.
* * * LOW HITPOINT WARNING * * *
You feel sick.
The leopard gecko bites you but does no damage.
The leopard gecko bites you.
* * * LOW HITPOINT WARNING * * *
There is a stone staircase leading up here.
You take 6 damage, and have 8/31 hp.
You hit the leopard gecko.
The leopard gecko is poisoned.
The leopard gecko is almost dead.
* * * LOW HITPOINT WARNING * * *
You feel sick.
You kill the leopard gecko!
You take 1 damage, and have 7/31 hp.
* * * LOW HITPOINT WARNING * * *
You feel sick.
* * * LOW HITPOINT WARNING * * *
You feel sick.
You take 1 damage, and have 6/31 hp.
* * * LOW HITPOINT WARNING * * *
You feel sick.
You take 1 damage, and have 5/31 hp.
* * * LOW HITPOINT WARNING * * *
You feel sick.
You take 1 damage, and have 4/31 hp.
* * * LOW HITPOINT WARNING * * *
You feel sick.
You take 1 damage, and have 3/31 hp.
* * * LOW HITPOINT WARNING * * *
You feel sick.
You take 1 damage, and have 2/31 hp.
* * * LOW HITPOINT WARNING * * *
You feel sick.
You take 1 damage, and have 1/31 hp.
* * * LOW HITPOINT WARNING * * *
You feel sick.
You take 1 damage, and have 1/31 hp.
Okay, then.
Okay, then.
Unknown command.
You die... ........█ ███.████ ........█ █.Kl.g ██████████████████ ██████████ █..........█ ██..g..g... █..........██████..████████ ███............l.K.g██ ........)......██████ ......[......█...████████████ ...........b@███.....)÷...... .............█ ██████████████

█...........█ █████.....
...█.........███ ██.....████
........██.█...████.....████
.........█.................██
.........████....██<....██...
.........█ █.....(.....█████
.......>██ █...█....████ ██


You could see a bat.

Vanquished Creatures
  An ooze (D:1)
  A dart slug (D:1)
  A leopard gecko (D:2)
  8 goblins
  4 hobgoblins
  A quokka (D:2)
  8 bats
  4 frilled lizards
  4 rats
32 creatures vanquished.

Notes
Turn   | Place    | Note
-------+----------+-------------------------------------------
     0 | D:1      | Goblin1989 the Demonspawn Monk began the quest for the Orb.
     0 | D:1      | Reached XP level 1. HP: 18/18 MP: 1/1
   279 | D:1      | Gained mutation: You are partially covered in rugged brown scales. (AC +1, +3% HP) [demonic ancestry]
   279 | D:1      | Reached XP level 2. HP: 11/24 MP: 2/2
   729 | D:1      | Reached skill level 4 in Fighting
  1167 | D:2      | Reached XP level 3. HP: 22/30 MP: 3/3
  1322 | D:2      | HP: 1/30 [quokka (4)]
  1368 | D:1      | HP: 1/30 [goblin/dagger (1)]
  1382 | D:1      | HP: 1/30 [goblin/dagger (1)]
  1408 | D:1      | HP: 1/30 [goblin/dagger (3)]
  1739 | D:2      | HP: 1/31 [poisoned by a goblin]
  1744 | D:2      | Succumbed to a goblin's poison

Vault maps used:
D:1:      nicolae_arrival_washed_ashore, minivault_23
D:2:      minmay_vboxes

Skill      XL: |  1  2 |
---------------+-------+-----
Fighting       | 4 |  4.4
Maces & Flails | |  2.6
Dodging        | |  2.6
Stealth        | |  1.7

Action                   || total
-------------------------++-------
Melee: Mace              ||   116
       Dagger            ||     1
Throw: Stone             ||     2
  Use: Scroll            ||     6
       Potion            ||     1
 Stab: Sleeping          ||     3
  Eat: Chunk             ||     3
Armor: Leather armour    ||    54
Dodge: Dodged            ||    37
Block: Large shield      ||    88

Table legend:
 A = Spawn XP
 B = Non-spawn XP
 C = Spawn XP percentage of total XP
 D = Spawn monster count
 E = Non-spawn monster count
 F = Spawn count percentage of total count
 G = Total turns spent on level
                    A         B        C        D         E        F      G
               +---------+---------+-------+---------+---------+-------+---------
         Total |       2 |      53 |   3.6 |       2 |      30 |   6.2 |  1744
               +---------+---------+-------+---------+---------+-------+---------
           D:1 |       2 |      32 |   5.9 |       2 |      17 |  10.5 |  1337
           D:2 |       0 |      21 |   0.0 |       0 |      13 |   0.0 |   407
               +---------+---------+-------+---------+---------+-------+---------

Vault maps used:
D:1:      nicolae_arrival_washed_ashore, minivault_23
D:2:      minmay_vboxes
